AoeStats
← KootH.

Arena

504074213Analyzed
4v4 RM · 29d ago on Sep 3, 2026· 47m 43s· 8 players
Game mode
Random Map
Map size
Large (8 player)
Population
200
Speed
Normal
Resources
Standard
Victory
Conquest
Starting age
Dark Age
Ending age
Imperial Age
RankedLock teamsTeams togetherTeam positionsShared explorationLock speedFull tech treeHidden civsTurbo modeCheats
Victory
Defeat
🇺🇸 Koreans · United States
1564
+19
🇺🇸 Celts · United States
1540
+20
🇨🇴 Burgundians · Colombia
1526
+21
🇷🇺 Bengalis · Russia
1500
+22
🇰🇿 Teutons · Kazakhstan
1735
-25
🇷🇺 Gurjaras · Russia
1712
-25
🇷🇺 Bohemians · Russia
1622
-20
🇷🇺 Mongols · Russia
1450
-12
Dwarf king
10:47 Feudal Age
11:53 Double-Bit Axe
15:00 Castle Age
14:43 Horse Collar
16:27 Bow Saw
23:50 Wheelbarrow
23:02 Loom
24:17 Heavy Plow
24:08 Gold Mining
25:04 Hand Cart
25:36 Stone Mining
28:54 Imperial Age
26:10 Town Watch
27:16 Gold Shaft Mining
26:49 Scale Mail Armor
26:59 Forging
27:27 Ballistics
26:48 Treadmill Crane
29:36 Chain Mail Armor
29:56 Iron Casting
30:34 Chemistry
29:12 Elite Fire Lancer
30:15 Masonry
29:53 Arrowslits
30:18 Masonry
30:00 Fletching
30:36 Conscription
31:21 Squires
33:04 Stone Shaft Mining
34:25 Eupseong
35:57 Elite War Wagon
37:32 Siege Engineers
37:57 Architecture
39:14 Pikeman
40:30 Halberdier
41:43 Bodkin Arrow
47:01 Coinage
Chase_The_Dragon
7:58 Loom
10:20 Feudal Age
12:10 Horse Collar
12:17 Double-Bit Axe
15:21 Castle Age
14:03 Scale Mail Armor
13:48 Man-at-Arms
14:59 Forging
15:41 Gold Mining
15:39 Loom
16:26 Long Swordsman
18:59 Gambesons
21:54 Arson
22:51 Chain Mail Armor
23:42 Iron Casting
26:27 Wheelbarrow
25:37 Town Watch
32:15 Stone Mining
34:55 Bow Saw
35:34 Stone Shaft Mining
35:48 Gold Shaft Mining
37:10 Heavy Plow
40:13 Imperial Age
38:23 Fletching
38:26 Stronghold
39:03 Hand Cart
40:18 Bodkin Arrow
40:14 Elite Woad Raider
41:16 Conscription
41:30 Plate Mail Armor
42:00 Blast Furnace
42:09 Blast Furnace
43:57 Heavy Scorpion
44:56 Furor Celtica
45:53 Town Patrol
46:26 Ballistics
47:07 Chemistry
46:29 Siege Engineers
47:04 Scale Barding Armor
47:01 Padded Archer Armor
47:15 Masonry
47:01 Murder Holes
46:47 Treadmill Crane
privalovivan99
4:56 Loom
11:17 Feudal Age
17:41 Castle Age
17:32 Double-Bit Axe
23:26 Wheelbarrow
23:09 Horse Collar
24:42 Fletching
25:40 Bodkin Arrow
31:37 Imperial Age
30:09 Fortified Wall
30:15 Gold Mining
31:45 Elite Elephant Archer
34:39 Gold Shaft Mining
34:23 Bracer
35:46 Ballistics
35:47 Padded Archer Armor
38:00 Chemistry
38:03 Leather Archer Armor
40:11 Elite Skirmisher
41:58 Hand Cart
41:55 Bow Saw
41:47 Heavy Plow
42:40 Ring Archer Armor
42:22 Forging
44:09 Two-Man Saw
43:41 Crop Rotation
43:53 Husbandry
44:03 Bloodlines
45:51 Iron Casting
45:22 Scale Barding Armor
44:44 Light Cavalry
46:12 Scale Mail Armor
48:00 Stone Mining
KootH.
7:33 Double-Bit Axe
9:57 Feudal Age
16:12 Castle Age
14:47 Horse Collar
15:50 Bow Saw
16:04 Heavy Plow
16:29 Cavalier
22:19 Wheelbarrow
24:47 Loom
25:46 Husbandry
27:28 Light Cavalry
32:06 Imperial Age
30:42 Forging
30:38 Scale Barding Armor
31:18 Crop Rotation
33:53 Chemistry
32:32 Paladin
34:05 Chain Barding Armor
33:23 Hussar
34:56 Iron Casting
41:43 Ballistics
46:29 Town Watch
47:22 Fletching
47:33 Padded Archer Armor
SHell | Denchik_Ne_Lohx
8:26 Feudal Age
8:00 Loom
8:55 Double-Bit Axe
13:46 Horse Collar
15:31 Town Watch
21:16 Castle Age
22:35 Bow Saw
23:11 Wheelbarrow
24:12 Fletching
24:54 Stone Mining
25:33 Bodkin Arrow
26:55 Guard Tower
28:15 Gold Mining
29:30 Hand Cart
29:48 Ballistics
30:10 Fortified Wall
30:28 Ballistics
32:44 Heavy Plow
35:47 Imperial Age
33:52 Scale Mail Armor
34:03 Forging
33:52 Pikeman
34:33 Squires
35:13 Chain Mail Armor
35:55 Halberdier
36:24 Onager
38:12 Siege Engineers
40:52 Chemistry
41:00 Iron Casting
41:00 Plate Mail Armor
45:21 Ironclad
45:22 Conscription
46:19 Caravan
47:34 Masonry
SHell | FayLayt
11:12 Feudal Age
14:57 Castle Age
13:14 Double-Bit Axe
13:09 Horse Collar
15:51 Wheelbarrow
17:00 Bow Saw
20:05 Fervor
23:40 Sanctity
23:53 Sanctity
25:25 Redemption
25:20 Heavy Plow
27:02 Hand Cart
29:54 Imperial Age
27:23 Loom
30:29 Chemistry
32:11 Imperial Age
32:42 Fortified Wall
34:35 Conscription
34:25 Wagenburg Tactics
33:53 Elite Hussite Wagon
35:00 Town Watch
36:29 Siege Engineers
36:20 Houfnice
38:57 Hussite Reforms
40:28 Block Printing
40:40 Illumination
40:57 Theocracy
42:07 Fletching
43:58 Masonry
SHell | Norrio
10:56 Feudal Age
14:31 Castle Age
12:22 Double-Bit Axe
12:46 Horse Collar
16:31 Bow Saw
18:03 Wheelbarrow
21:20 Stone Mining
23:44 Loom
28:32 Hand Cart
28:51 Hand Cart
30:57 Town Watch
38:43 Imperial Age
36:29 Scale Barding Armor
37:07 Forging
38:27 Chain Barding Armor
38:57 Iron Casting
38:37 Heavy Plow
40:02 Conscription
39:09 Light Cavalry
40:03 Bloodlines
39:54 Husbandry
42:02 Blast Furnace
41:11 Hussar
43:42 Fletching
46:15 Coinage
47:13 Banking
47:31 Elite Steppe Lancer
48:11 Bodkin Arrow
SHell | Mr. NoName
11:06 Feudal Age
15:06 Castle Age
13:14 Double-Bit Axe
13:22 Horse Collar
13:58 Double-Bit Axe
15:49 Wheelbarrow
16:22 Bow Saw
16:19 Heavy Plow
22:19 Gold Mining
24:48 Hand Cart
28:14 Imperial Age
25:57 Stone Mining
27:23 Gold Shaft Mining
27:09 Scale Barding Armor
27:14 Forging
28:13 Stone Shaft Mining
28:10 Chain Barding Armor
28:27 Padded Archer Armor
29:25 Crop Rotation
29:58 Chemistry
30:29 Treadmill Crane
31:49 Leather Archer Armor
32:09 Iron Casting
31:58 Conscription
31:29 Elite Chakram Thrower
33:31 Plate Barding Armor
33:08 Bloodlines
33:49 Scale Mail Armor
33:36 Arson
35:08 Chain Mail Armor
34:35 Siege Elephant
36:59 Plate Mail Armor
37:44 Masonry
37:48 Light Cavalry
38:28 Husbandry
38:41 Husbandry
38:45 Hussar
45:19 Loom
46:10 Frontier Guards
47:36 Architecture
47:19 Fortified Wall
47:39 Kshatriyas
Connection lost

Rejoining the realm…

Still unreachable

The connection could not be restored.

Session expired

The server has moved on; the page needs a fresh start.